 Dungeon Crawl Stone Soup version 0.32-a0-314-g526f7d4993 (webtiles) character file.

Game seed: 6941395549512087803

1111 ezpacito the Chopper (level 8, -5/88 HPs)
             Began as a Demonspawn Gladiator on Feb 15, 2024.
             Was a Follower of Beogh.
             Slain by DeathSocks's ghost (17 damage)
             ... on level 5 of the Dungeon.
             The game lasted 00:11:17 (4330 turns).

ezpacito the Chopper (Demonspawn Gladiator)         Turns: 4330, Time: 00:11:17

Health: -5/88      AC: 24    Str: 17    XL:     8   Next: 11%
Magic:  10/10      EV:  2    Int:  9    God:    Beogh [*.....]
Gold:   283        SH:  4    Dex: 14    Spells: 1/10 levels left

rFire   . . .        a - +0 war axe
rCold   . . .        k - +0 buckler
rNeg    . . .        h - melded +3 chain mail
rPois   +            c - melded +0 helmet
rElec   .            f - melded +1 cloak
rCorr   .            (gloves currently unavailable)
SInv    .            g - melded +0 pair of boots
Will    .....        (no amulet)
Stlth   ++           (no ring)
HPRegen 0.34/turn    (no ring)
MPRegen 0.12/turn

%: no passive effects
@: tree-form (expiring)
A: stationary, stasis, torment immunity, boosted hp, (claws 1), demonic guardian
2, (sturdy frame 2)
a: Renounce Religion


You were on level 5 of the Dungeon.
You worshipped Beogh.
Beogh was aware of your devotion.
You were a tree.
You visited 1 branch of the dungeon, and saw 5 of its levels.

You collected 283 gold pieces.

Inventory:

Hand Weapons
 a - a +0 war axe (weapon)
 m - the +6 dagger "Pitra" {freeze, Dex+2}
   (You found it on level 3 of the Dungeon)

   Dex+2:     It affects your dexterity (+2).
Missiles
 d - 3 throwing nets (quivered)
 e - a javelin
Armour
 c - a +0 helmet (melded)
 f - a +1 cloak (melded)
 g - a +0 pair of boots (melded)
 h - a +3 chain mail (melded)
 k - a +0 buckler (worn)
Jewellery
 j - a ring of fire
Talismans
 p - a flux talisman
Wands
 b - a wand of flame (11)
Scrolls
 i - 3 scrolls of teleportation
 o - a scroll of identify
 r - a scroll of amnesia
Potions
 n - a potion of curing


   Skills:
 * Level 3.6 Fighting
 * Level 5.3 Axes
 + Level 3.0 Throwing
 * Level 2.6 Armour
 + Level 3.2 Dodging
 * Level 1.9 Stealth
 + Level 0.6 Shields
 * Level 2.3 Unarmed Combat
 * Level 1.8 Spellcasting
 * Level 0.1 Hexes
 * Level 2.0 Necromancy
 * Level 1.8 Invocations
 * Level 1.9 Evocations


You had one spell level left.
You knew the following spells:

 Your Spells              Type           Power      Damage    Failure   Level
a - Fugue of the Fallen   Necr           4%         N/A       52%         3
b - Anguish               Hex/Necr       1%         N/A       96%         4
c - Ensorcelled Hibernat  Hex/Ice        0%         N/A       54%         2

Your spell library contained the following spells:

 Spells                   Type           Power      Damage    Failure   Level
 Sandblast                Erth           0%         2d4       41%         1
 Slow                     Hex            4%         N/A       41%         1
 Vampiric Draining        Necr           4%         2d6       52%         3
 Confusing Touch          Hex            1%         N/A       78%         3
 Sigil of Binding         Hex            1%         N/A       78%         3
 Frozen Ramparts          Ice            0%         1d1       80%         3
 Passwall                 Erth           0%         N/A       80%         3
 Swiftness                Air            0%         N/A       80%         3
 Leda's Liquefaction      Alch/Erth      0%         N/A       99%         4
 Petrify                  Alch/Erth      0%         N/A       99%         4
 Sticky Flame             Fire/Alch      0%         2d4       99%         4
 Metabolic Englaciation   Hex/Ice        0%         N/A       100%        5
 Sculpt Simulacrum        Ice/Alch       0%         N/A       100%        6


Dungeon Overview and Level Annotations

Branches:
Dungeon (5/15)
 Temple: D:4-7

Altars:
Qazlal
Yredelemnul

Annotations:
D:4 2 transporters, Gryn's ghost, novice MDFE
D:5 DeathSocks's ghost, novice VSDe


Innate Abilities, Weirdness & Mutations

You are a tree.
Your roots penetrate the ground, keeping you stationary.
You cannot be teleported.
You are immune to unholy pain and torment.
Your maximum health is greatly increased.
Your equipment is partially melded.
((You have sharp fingernails.))
A demonic guardian rushes to your aid.
((Your movements are less encumbered by armour. (ER -4)))


Message History

You slash the howler monkey skeleton!
You destroy the howler monkey skeleton!
Beogh accepts your kill.
You hit DeathSocks's ghost. You block DeathSocks's ghost's attack.
You cannot move.
You closely miss DeathSocks's ghost.
DeathSocks's ghost is lightly damaged.
DeathSocks's ghost hits you but does no damage.
You are electrocuted!
DeathSocks's ghost hits you.
You miss DeathSocks's ghost.
DeathSocks's ghost is lightly damaged.
DeathSocks's ghost hits you but does no damage.
You hit DeathSocks's ghost.
DeathSocks's ghost is moderately damaged.
DeathSocks's ghost hits you but does no damage.
You are electrocuted!
You miss DeathSocks's ghost.
DeathSocks's ghost is moderately damaged.
DeathSocks's ghost hits you but does no damage.
You miss DeathSocks's ghost.
DeathSocks's ghost is moderately damaged.
DeathSocks's ghost hits you but does no damage.
You are electrocuted!
* * * LOW HITPOINT WARNING * * *
A demonic guardian appears!
DeathSocks's ghost hits you but does no damage.
You feel better.
DeathSocks's ghost hits you but does no damage.
You miss DeathSocks's ghost.
DeathSocks's ghost is moderately damaged.
DeathSocks's ghost hits you.
* * * LOW HITPOINT WARNING * * *
You are electrocuted!!
* * * LOW HITPOINT WARNING * * *
Unknown command.
You feel better.
Your transformation is almost over.
DeathSocks's ghost hits you but does no damage.
You are electrocuted!
You die...

##........................
##......[.................
#.........................
#...................#.####
#.....................###
#.........########......##
#.........#.#.#.####.##...
##........#.....#..#......
##......♣4...$###........
#####)..W...!.#...###...
##..'....##.....#...
#..#.....#......)..
####.#.#.#.....#...
########....#... ######...
#... #...


You could see DeathSocks's ghost (ally target) and a friendly ice devil
(summoned).

Vanquished Creatures
  A yak (D:4)
  A scorpion (D:5)
  A wyvern skeleton (D:5)
  2 jellies
  A bombardier beetle (D:4)
  An orc priest (D:3)
  A gnoll bouda (D:4)
  Jessica (D:3)
  Terence (D:3)
  2 orc wizards
  11 gnolls
  5 adders
  A howler monkey skeleton (D:5)
  2 ufetubi (D:5)
  A dart slug (D:1)
  2 ribbon worms
  10 orcs
  6 ball pythons
  6 endoplasms
  4 giant cockroaches
  4 goblins
  2 hobgoblins (D:1)
  7 jackals
  5 kobolds (D:1)
  2 quokkas
  8 bats
  6 frilled lizards
  5 rats
99 creatures vanquished.

Vanquished Creatures (collateral kills)
  A gnoll sergeant (D:5)
  A hound (D:5)
  A bombardier beetle (D:2)
  2 orc priests
  2 orc wizards (D:5)
  2 gnolls
  An orc (D:2)
  An endoplasm (D:4)
  A bat (D:1)
12 creatures vanquished.

Grand Total: 111 creatures vanquished

Notes
Turn   | Place    | Note
-------+----------+-------------------------------------------
     0 | D:1      | ezpacito the Demonspawn Gladiator began the quest for the
                  | Orb.
     0 | D:1      | Reached XP level 1. HP: 16/16 MP: 1/1
    50 | D:1      | Gained mutation: Your movements are slightly less
                  | encumbered by armour. (ER -2) [demonic ancestry]
    50 | D:1      | Reached XP level 2. HP: 22/22 MP: 2/2
   177 | D:1      | Found a faded altar of an unknown god.
   184 | D:1      | Reached skill level 3 in Axes
   281 | D:1      | Gained mutation: A weak demonic guardian rushes to your
                  | aid. [demonic ancestry]
   281 | D:1      | Reached XP level 3. HP: 27/27 MP: 3/3
   752 | D:2      | Reached skill level 1 in Unarmed Combat
   752 | D:2      | Gained mutation: You have sharp fingernails. [demonic
                  | ancestry]
   752 | D:2      | Reached XP level 4. HP: 17/34 MP: 3/5
   934 | D:2      | Learned a level 3 spell: Fugue of the Fallen
  1390 | D:3      | Gained mutation: A demonic guardian rushes to your aid.
                  | [demonic ancestry]
  1390 | D:3      | Reached XP level 5. HP: 28/39 MP: 6/6
  1463 | D:3      | Reached skill level 1 in Spellcasting
  1500 | D:3      | Reached skill level 4 in Axes
  1500 | D:3      | Reached skill level 1 in Stealth
  1507 | D:3      | Reached skill level 1 in Armour
  1743 | D:3      | Noticed Terence
  1773 | D:3      | Killed Terence
  1774 | D:3      | Reached skill level 1 in Necromancy
  1912 | D:3      | Gained mutation: Your movements are less encumbered by
                  | armour. (ER -4) [demonic ancestry]
  1912 | D:3      | Reached XP level 6. HP: 46/46 MP: 7/7
  1917 | D:3      | Became a worshipper of Beogh the Shepherd
  2045 | D:3      | Got Roxanne's Collected Works on Flux and the Ground
  2051 | D:3      | Learned a level 4 spell: Anguish
  2065 | D:3      | Noticed an angel
  2080 | D:3      | Identified the +6 dagger "Pitra" {freeze, Dex+2}
  2089 | D:3      | Found a basalt altar of Yredelemnul.
  2107 | D:3      | Noticed a profane servitor
  2171 | D:3      | Noticed Jessica
  2180 | D:3      | Killed Jessica
  2569 | D:4      | Found a transporter.
  2572 | D:4      | Noticed Gryn's ghost (novice MDFE)
  2573 | D:4      | Noticed a hornet
  2595 | D:4      | Found a transporter.
  2890 | D:4      | Reached skill level 1 in Evocations
  3179 | D:5      | Entered Level 5 of the Dungeon
  3188 | D:5      | Reached skill level 1 in Invocations
  3189 | D:5      | Reached XP level 7. HP: 21/52 MP: 8/8
  3372 | D:4      | Reached * piety under Beogh
  3597 | D:5      | Noticed a yak
  3603 | D:5      | Noticed a yak
  3633 | D:5      | Noticed a yak
  3655 | D:4      | Killed a yak
  3656 | D:4      | Reached skill level 5 in Axes
  4028 | D:5      | Learned a level 2 spell: Ensorcelled Hibernation
  4037 | D:5      | Found a stormy altar of Qazlal.
  4089 | D:5      | Reached XP level 8. HP: 59/59 MP: 10/10
  4107 | D:5      | Found a runed translucent gate.
  4107 | D:5      | Found a runed translucent gate.
  4310 | D:5      | Found a runed translucent gate.
  4310 | D:5      | Noticed DeathSocks's ghost (novice VSDe)
  4330 | D:5      | Slain by DeathSocks's ghost

Illustrated notes

Levels and vault maps discovered:
D:1:      wander_arrival_fairy_ring, layout_loops_ring,
          chequers_ecumenical_altar_simple_redux, chequers_serial_rivers_micro_b
D:2:      layout_rooms, minmay_statues_item, chequers_serial_rivers_room_b,
          minmay_misc_feat_four_crosses, grunt_decor_cap
D:3:      wad_pebble_path, layout_basic, grunt_temple_overflow_holy_war,
          columned_hall_lemuel, uniq_jessica, uniq_terence
D:4:      layout_basic, gammafunk_ghost_arena
D:5:      layout_rooms, mainiacjoe_overflow_paths, gammafunk_ghost_necromancy,
          minmay_misc_feat_plants

Skill      XL: |  1  2  3  4  5  6  7  8 |
---------------+-------------------------+-----
Axes           | 3 4 5 |  5.3
Dodging        | 3 |  3.2
Unarmed Combat | 1 2 |  2.3
Throwing       | 2 3 |  3.0
Spellcasting   | 1 |  1.8
Stealth        | 1 |  1.9
Armour         | 1 2 |  2.6
Necromancy     | 1 2 |  2.0
Fighting       | 3 |  3.6
Evocations     | 1 |  1.9
Invocations    | 1 |  1.8
Shields        | |  0.6
Hexes          | |  0.1

Action                     |  1- 3 |  4- 6 |  7- 9 || total
---------------------------+-------+-------+-------++-------
  Melee: War axe           |    94 |   168 |   123 ||   385
 Invoke: Convert to Beogh  |       |     1 |       ||     1
  Evoke: Wand              |       |       |     6 ||     6
    Use: Potion            |     1 |     4 |     4 ||     9
         Scroll            |       |    13 |     4 ||    17
   Stab: Sleeping          |     3 |       |       ||     3
 Armour: Leather armour    |    47 |     6 |       ||    53
         Chain mail        |       |   160 |   130 ||   290
         Skin              |       |    14 |    22 ||    36
  Dodge: Dodged            |    74 |    99 |    93 ||   266
  Block: Buckler           |    18 |    38 |    36 ||    92

Table legend: (Time is in decaauts)
 A = Elapsed time spent in this place.
 B = Non-inter-level travel time spent in this place.
 C = Inter-level travel time spent in this place.
 D = Time resting spent in this place.
 E = Time spent auto-exploring this place.
 F = Levels seen in this place.
 G = Mean time per level.
                   A        B        C        D        E       F      G
               +--------+--------+--------+--------+--------+-----+--------+
         Total |   4466 |   4290 |    176 |    844 |   2315 |   5 |  893.2 |
       Dungeon |   4466 |   4290 |    176 |    844 |   2315 |   5 |  893.2 |
               +--------+--------+--------+--------+--------+-----+--------+

Top non-repeatable levels by time:
     D:3: 1195 daAuts
     D:4: 1041 daAuts
     D:5: 862 daAuts
     D:1: 724 daAuts
     D:2: 644 daAuts
